Map: Odyssey LE

Players

ShoWTimE

  • Race: Protoss Protoss
  • Spawn Location: 11:00

Elazer - Winner!

  • Race: Zerg Zerg
  • League: Master
  • Spawn Location: 5:00

Event: HomeStory Cup XV

VOD

Have the link to the VOD?

Description

Time

  • Played on: July 23, 2017, 10:44 a.m.
  • Length: 6:32

All games in this series

Show
View Real Time Build Order
Export as new Build Order

ShoWTimE Protoss 

Build Orders: 1 Gate Expand, Oracle Opening, Phoenix Opening 

Get SALT Encoding   

  12  0:00  Probe (Chrono Boost)  
  13  0:11  Probe (Chrono Boost)  
  14  0:18  Pylon  
  14  0:22  Probe (Chrono Boost)  
  15  0:36  Probe (Chrono Boost)  
  15  0:40  Gateway  
  16  0:47  Probe (Chrono Boost)  
  16  0:48  Assimilator  
  17  0:57  Probe (Chrono Boost)  
  18  1:08  Probe (Chrono Boost)  
  19  1:23  Nexus  
  19  1:25  Probe (Chrono Boost)  
  20  1:36  Cybernetics Core  
  20  1:38  Probe (Chrono Boost)  
  21  1:44  Assimilator  
  21  1:49  Probe (Chrono Boost)  
  21  1:53  Pylon  
  22  1:59  Probe (Chrono Boost)  
  23  2:11  Probe (Chrono Boost)  
  23  2:12  Zealot (Chrono Boost)  
  26  2:17  Stargate  
  26  2:23  Probe  
  26  2:26  Warp Gate  
  27  2:35  Probe  
  27  2:36  Probe  
  27  2:37  Adept (Chrono Boost)  
  31  2:47  Probe x2  
  33  2:55  Pylon  
  33  2:58  Oracle (Chrono Boost)  
  33  2:59  Probe (Chrono Boost)  
  33  3:00  Probe (Chrono Boost)  
  38  3:12  Probe x2 (Chrono Boost)  
  40  3:23  Mothership Core (Chrono Boost)  
  40  3:24  Probe (Chrono Boost)  
  43  3:34  Nexus  
  43  3:36  Probe (Chrono Boost)  
  43  3:37  Phoenix  
  47  3:41  Probe (Chrono Boost)  
  47  3:44  Pylon  
  48  3:48  Probe (Chrono Boost)  
  48  3:52  Probe (Chrono Boost)  
  48  3:54  Pylon  
  49  4:00  Probe (Chrono Boost)  
  51  4:03  Probe (Chrono Boost)  
  51  4:11  Forge, Twilight Council  
  51  4:13  Probe x2 (Chrono Boost)  
  53  4:22  Assimilator  
  54  4:24  Probe (Chrono Boost)  
  54  4:25  Probe (Chrono Boost), Robotics Facility  
  55  4:35  Charge, Pylon, Probe (Chrono Boost)  
  55  4:37  Probe (Chrono Boost)  
  57  4:45  Probe (Chrono Boost)  
  58  4:47  Probe (Chrono Boost)  
  59  4:54  Gateway  
  59  4:57  Probe, Gateway  
  60  5:00  Gateway  
  60  5:01  Zealot  
  60  5:05  Gateway  
  62  5:13  Gateway  
  62  5:19  Gateway  
  64  5:24  Probe  
  64  5:25  Probe x2, Gateway  
  67  5:32  Zealot  
  69  5:35  Photon Cannon  
  69  5:39  Pylon  
  69  5:41  Photon Cannon  
  71  5:47  Templar Archives  
  69  5:55  Photon Cannon  
  65  5:58  Pylon  
  65  6:00  Pylon  
  64  6:08  Zealot x2  
  64  6:09  Zealot  
  66  6:13  Zealot  
  61  6:20  Zealot x2  
  61  6:24  Zealot  
Show
View Real Time Build Order
Export as new Build Order

Elazer Zerg - Winner!

Build Orders: Hatch First 

Get SALT Encoding   

  12  0:00  Drone  
  13  0:13  Overlord  
  13  0:18  Drone  
  14  0:31  Drone x2  
  14  0:35  Drone  
  17  0:52  Hatchery  
  17  0:55  Drone  
  17  0:58  Drone  
  18  1:08  Extractor  
  17  1:14  Spawning Pool  
  17  1:16  Drone  
  17  1:19  Drone  
  18  1:28  Drone  
  19  1:39  Overlord  
  19  1:50  Drone  
  20  2:00  Queen  
  20  2:01  Drone  
  23  2:04  Queen, Zergling x2  
  23  2:08  Metabolic Boost  
  26  2:11  Drone  
  26  2:15  Drone  
  28  2:22  Drone  
  29  2:26  Drone  
  30  2:37  Hatchery  
  30  2:38  Drone  
  30  2:45  Pneumatized Carapace  
  30  2:46  Zergling x2  
  30  2:49  Drone  
  32  2:51  Drone  
  32  2:56  Overlord  
  33  3:01  Drone  
  34  3:06  Drone  
  34  3:08  Drone  
  36  3:13  Queen  
  36  3:15  Drone x2  
  36  3:16  Drone  
  41  3:20  Drone x2  
  41  3:24  Spore Crawler  
  42  3:28  Spore Crawler, Drone  
  42  3:31  Drone  
  43  3:36  Evolution Chamber  
  43  3:39  Drone x2  
  44  3:50  Overlord  
  44  3:51  Queen, Drone  
  44  3:53  Drone x2  
  44  3:55  Drone  
  48  4:04  Zerg Melee Weapons Level 1, Drone x2  
  48  4:08  Spore Crawler  
  48  4:09  Drone x2  
  51  4:15  Overlord  
  51  4:16  Drone x2  
  53  4:21  Queen  
  55  4:25  Zergling x6  
  58  4:32  Queen  
  58  4:33  Queen  
  62  4:45  Baneling Nest, Overlord  
  61  4:47  Zergling x8  
  61  4:50  Zergling x2  
  66  5:00  Overlord  
  66  5:03  Queen  
  68  5:10  Zergling x8  
  68  5:11  Zergling x4  
  74  5:18  Queen  
  76  5:22  Zergling x10  
  76  5:23  Zergling x2  
  76  5:27  Overlord  
  82  5:31  Baneling x7  
  82  5:32  Baneling  
  82  5:42  Overlord  
  80  5:44  Zergling x2  
  80  5:45  Queen  
  82  5:50  Zergling x14  
  82  5:51  Hatchery  
  82  5:55  Zergling x8  
  89  5:58  Baneling  
  89  5:59  Baneling  
  89  6:02  Baneling  
  90  6:04  Zergling x10  
  90  6:09  Zergling x2  
  93  6:13  Zergling x2  
  93  6:14  Zergling x6  
Tags
 
Add a new tag
Caveats
  • Supply blocks, unpowered buildings, or Contaminate may cause inaccurate times.
  • Supply counts are checked every 10 seconds.